 Dungeon Crawl Stone Soup version 0.30-a0-135-g630cfc4551 (webtiles) character file.

Game seed: 4178309470287389685

121 IdlyInterested the Sneak (level 4, -5/51 HPs)
             Began as a Demonspawn Brigand on Sept 20, 2022.
             Killed by divine providence
             ... invoked by an orc priest
              (14 damage)
             ... on level 3 of the Dungeon.
             The game lasted 00:06:50 (2433 turns).

IdlyInterested the Sneak (Demonspawn Brigand)       Turns: 2433, Time: 00:06:52

Health: -5/51      AC: 22    Str: 11    XL:     4   Next: 77%
Magic:  5/5        EV:  2    Int: 20    God:
Gold:   56         SH:  0    Dex: 15    Spells: 4/4 levels left

rFire   + + .      SeeInvis .    a - +2 dagger (protect)
rCold   + . .      Faith    .    (no shield)
rNeg    . . .      Spirit   .    (body armour currently unavailable)
rPois   +          Reflect  .    (helmet currently unavailable)
rElec   +          Harm     .    (cloak currently unavailable)
rCorr   +          Rampage  .    (gloves currently unavailable)
Will    .....      NoTele   +    (boots currently unavailable)
Stlth   +++.......               (no amulet)
HPRegen 0.17/turn                m - ring of protection from fire
MPRegen 0.09/turn                q - +6 ring of intelligence

@: brilliant, tree-form, resistant, weak-willed, attractive
A: stationary, stasis, torment immunity, boosted hp, (hooves 1), (thin metallic
scales 1), demonic magic 1
a: no special abilities


You were on level 3 of the Dungeon.
You were a tree.
You visited 1 branch of the dungeon, and saw 3 of its levels.

You collected 56 gold pieces.

Inventory:

Hand Weapons
 a - a +2 dagger of protection (weapon)
 f - a +0 short sword of speed
Missiles
 d - 17 poisoned darts (quivered)
 e - 5 curare-tipped darts
Armour
 b - a +0 robe
 c - a +0 cloak (melded)
 g - a +0 ring mail (melded)
Magical Staves
 h - a staff of conjuration
Jewellery
 m - a ring of protection from fire (left branch)
 q - a +6 ring of intelligence (right branch)
Wands
 o - a wand of charming (5)
Scrolls
 i - a scroll of teleportation
Potions
 k - a potion of attraction
 p - a potion of heal wounds {unknown}


   Skills:
 + Level 2.8 Fighting
 * Level 3.3 Short Blades
 - Level 2.0 Throwing
 - Level 1.0 Dodging
 - Level 4.0 Stealth
 + Level 0.9 Spellcasting
 - Level 1.0 Evocations


You had 4 spell levels left.
You didn't know any spells.
Your spell library contained the following spells:

 Spells                   Type           Power      Damage    Failure   Level
 Gell's Gravitas          Tloc           1%         N/A       47%         3
 Teleport Other           Tloc           1%         N/A       47%         3
 Dispersal                Tloc           0%         N/A       100%        6


Dungeon Overview and Level Annotations

Branches:
Dungeon (3/15)

Altars:
Gozag


Innate Abilities, Weirdness & Mutations

You are a tree.
Your roots penetrate the ground, keeping you stationary.
You cannot be teleported.
You are immune to unholy pain and torment.
Your maximum health is greatly increased.
Your equipment is partially melded.
((You have large cloven feet.))
((You are partially covered in thin metallic scales. (AC +2)))
Spells you cast may paralyse adjacent enemies.


Message History

The jackal bites you but does no damage.
The orc hits you with a +0 flail!
The jackal bites you but does no damage.
You barely miss the orc. Your kick misses the orc.
The orc is lightly wounded.
The jackal misses you.
The jackal bites you but does no damage.
The orc priest mumbles some strange prayers to Beogh against you.
Beogh smites you!
* * * LOW HITPOINT WARNING * * *
The orc hits you but does no damage.
As you read the scroll labelled BUAFOLY IGYZI, it crumbles to dust.
Magic quickly surges around you.
It was a scroll of vulnerability.
The orc priest looks more healthy.
The jackal closely misses you. x2
The orc hits you but does no damage.
The jackal bites you but does no damage.
The jackal misses you.
It was a potion of attraction.
You feel attractive to monsters.
The jackal closely misses you. x2; The orc barely misses you.
It was a potion of resistance.
You feel protected. The jackal completely misses you.
The jackal bites you but does no damage.
The orc barely misses you.
The jackal bites you but does no damage.
It was a potion of brilliance.
You feel clever all of a sudden. The jackal completely misses you.
The jackal bites you but does no damage.
The orc misses you.
The jackal bites you but does no damage.
It was a potion of lignification.
You turn into a tree.
Your +0 cloak melds into your body.
Your +0 ring mail melds into your body.
Your roots penetrate the ground.
The jackal bites you but does no damage. x2
The orc hits you but does no damage.
The orc priest invokes the aid of Beogh against you.
Beogh smites you!
You die...

......<...
........
#.....# .#
##.....##..
#...)......
#........?.
#).........
#.h........
#♣ho)......
##o<.......
h.....o........
..#...###......
).oo.. ......
....). ......
...... ......
..... .....
..## ....


You could see an orc priest (weak-willed), 2 orcs and 2 jackals.

Vanquished Creatures
  4 gnolls (D:2)
  3 adders (D:2)
  3 dart slugs (D:1)
  7 bats
  3 endoplasms (D:1)
  2 giant cockroaches
  6 goblins
  3 hobgoblins (D:1)
  2 jackals (D:3)
  6 kobolds
  A quokka (D:1)
  4 ball pythons
  4 frilled lizards
  5 rats
53 creatures vanquished.

Vanquished Creatures (others)
  77 plants (D:2)
77 creatures vanquished.

Grand Total: 130 creatures vanquished

Notes
Turn   | Place    | Note
-------+----------+-------------------------------------------
     0 | D:1      | IdlyInterested the Demonspawn Brigand began the quest for
                  | the Orb.
     0 | D:1      | Reached XP level 1. HP: 16/16 MP: 1/1
   304 | D:1      | Gained mutation: Spells you cast may paralyse adjacent
                  | enemies. [demonic ancestry]
   304 | D:1      | Reached XP level 2. HP: 19/22 MP: 2/2
   420 | D:1      | Reached skill level 1 in Dodging
   420 | D:1      | Reached skill level 4 in Stealth
   720 | D:1      | Gained mutation: You are partially covered in thin metallic
                  | scales. (AC +2) [demonic ancestry]
   720 | D:1      | Reached XP level 3. HP: 13/27 MP: 3/3
  1353 | D:2      | Found a faded altar of an unknown god.
  1417 | D:2      | Reached skill level 1 in Evocations
  1428 | D:2      | Gained mutation: You have large cloven feet. [demonic
                  | ancestry]
  1428 | D:2      | Reached XP level 4. HP: 28/34 MP: 4/4
  2195 | D:2      | Found an opulent altar of Gozag.
  2433 | D:3      | Killed from afar by an orc priest

Illustrated notes

Levels and vault maps discovered:
D:1:      erik_arrival_triangle_small, layout_loops_cross, minivault_14,
          minmay_vboxes
D:2:      layout_rooms, basic_altar, dreamdust_ecumenical_altar_grove,
          kennysheep_boxes
D:3:      layout_rooms, serial_shops, shop, nicolae_shop_stone,
          nicolae_diamond_shop

Skill      XL: |  1  2  3  4 |
---------------+-------------+-----
Short Blades   | 2 3 |  3.3
Throwing       | 2 |  2.0
Dodging        | 1 |  1.0
Stealth        | 4 |  4.0
Evocations     | 1 |  1.0
Fighting       | |  2.8
Spellcasting   | |  0.9

Action                   |  1- 3 |  4- 6 || total
-------------------------+-------+-------++-------
Melee: Dagger            |   128 |    58 ||   186
       Kick              |       |    13 ||    13
       Punch             |       |     1 ||     1
Throw: Dart              |     3 |     5 ||     8
  Use: Scroll            |     4 |     1 ||     5
       Potion            |       |     4 ||     4
 Stab: Sleeping          |     4 |     1 ||     5
Armor: Robe              |     7 |       ||     7
       Ring mail         |    36 |    43 ||    79
       Skin              |       |     3 ||     3
Dodge: Dodged            |    56 |    53 ||   109

Table legend: (Time is in decaauts)
 A = Elapsed time spent in this place.
 B = Non-inter-level travel time spent in this place.
 C = Inter-level travel time spent in this place.
 D = Time resting spent in this place.
 E = Time spent auto-exploring this place.
 F = Levels seen in this place.
 G = Mean time per level.
                   A        B        C        D        E       F      G
               +--------+--------+--------+--------+--------+-----+--------+
         Total |   2407 |   2342 |     65 |    964 |    874 |   3 |  802.3 |
       Dungeon |   2407 |   2342 |     65 |    964 |    874 |   3 |  802.3 |
               +--------+--------+--------+--------+--------+-----+--------+

Top non-repeatable levels by time:
     D:1: 1330 daAuts
     D:2: 1045 daAuts
     D:3: 31 daAuts
